[Event "XII Cracow ICC-A 2024"]
[Site "Krakow"]
[Date "2024.06.27"]
[Round "7.1"]
[White "Gumularz, Szymon"]
[Black "Vetoshko, Volodymyr"]
[Result "1/2-1/2"]
[ECO "D35"]
[WhiteElo "2593"]
[BlackElo "2505"]
[Annotator "TA"]
[PlyCount "31"]
[EventDate "2024.06.20"]
[EventType "swiss"]
[EventCountry "POL"]
[SourceTitle "playchess.com"]
[Source "ChessBase"]
[SourceQuality "1"]
[TimeControl "40/5400+30:1800+30"]

1. d4 d5 2. c4 e6 3. Nc3 Nf6 4. cxd5 exd5 5. Bg5 Bb4 6. e3 h6 7. Bh4 g5 8. Bg3 h5 ({Reject} 8... Bxc3+ 9. bxc3 Qe7 10. Bd3 $16) 9. f3 h4 10. Bf2 Qe7 11. Bd3 {[%emt 0:02:49] Dodges Bf5} g4 12. Qc2 Nc6 13. O-O-O Bxc3 14. Qxc3 {[#]} (14. bxc3 $11 {keeps the balance.} Be6 15. h3) 14... h3 $1 $17 15. gxh3 Nb4 16. Qb3 {[%emt 0:08:20] Weighted Error Value: White=0.20 (precise) /Black=0.10 (very precise) .  Mistake:       	White=2     	---        Inaccurate:     	White=2     	Black=2      OK:         	White=4     	Black=2      Strong:       	---       	Black=1} (16. Bb1 $11 gxf3 17. Qb3) 1/2-1/2

[Event "XII Cracow ICC-A 2024"]
[Site "Krakow"]
[Date "2024.06.27"]
[Round "7.2"]
[White "Samunenkov, Ihor"]
[Black "Rozentalis, Eduardas"]
[Result "1/2-1/2"]
[ECO "E51"]
[WhiteElo "2532"]
[BlackElo "2476"]
[Annotator "RC"]
[PlyCount "151"]
[EventDate "2024.06.20"]
[EventType "swiss"]
[EventCountry "POL"]
[SourceTitle "playchess.com"]
[Source "ChessBase"]
[SourceQuality "1"]
[TimeControl "40/5400+30:1800+30"]

1. d4 Nf6 2. c4 e6 3. Nc3 Bb4 4. e3 d5 5. Nf3 O-O 6. Bd2 Re8 7. Rc1 a6 8. Qc2 Nbd7 9. a3 Bf8 10. a4 c5 11. cxd5 exd5 12. Be2 cxd4 13. Nxd4 Nc5 14. O-O Bg4 15. Rfd1 Rc8 16. Be1 Qd7 17. Bxg4 Qxg4 18. b3 Ne6 19. h3 Qh5 20. Qf5 Qxf5 21. Nxf5 g6 22. Nd4 Ba3 23. Rb1 Nxd4 24. Rxd4 Bc5 25. Rd3 d4 26. exd4 Bb4 27. Ne4 Rxe4 28. Bxb4 Nd5 29. Bd2 Rc2 30. Kf1 f5 31. a5 Re6 32. g4 Kf7 33. Kg2 Ra2 34. gxf5 gxf5 35. Kf3 Rc6 36. Re1 Rcc2 37. Re5 Rxd2 38. Rxd2 Rxd2 39. Rxd5 Ke6 40. Re5+ Kf6 41. Ke3 Rb2 42. h4 Rxb3+ 43. Kf4 Rb5 44. Rxb5 axb5 45. Ke3 Ke6 46. Kd3 Kd5 47. Kc3 f4 48. Kb4 Kxd4 49. Kxb5 Ke4 50. Kb6 Kf3 51. Kxb7 Kxf2 52. a6 f3 53. a7 Kg1 54. a8=Q f2 55. Qg8+ Kh2 56. Qf7 Kg2 57. Qg7+ Kh1 58. Qf6 h5 59. Kc6 Kg2 60. Qg5+ Kh3 61. Qf4 Kg2 62. Qe4+ Kg1 63. Qe3 Kg2 64. Qe2 Kg1 65. Qxh5 f1=Q 66. Qg5+ Kh2 67. h5 Kh3 68. h6 Qf7 69. Qe3+ Kg4 70. Qe4+ Kg5 71. h7 Qf6+ 72. Kd5 Qd8+ 73. Ke6 Qe8+ 74. Kd5 Qd8+ 75. Ke6 Qe8+ 76. Kd5 1/2-1/2

[Event "XII Cracow ICC-A 2024"]
[Site "Krakow"]
[Date "2024.06.27"]
[Round "7.3"]
[White "Drozdowski, Kacper"]
[Black "Moussard, Jules"]
[Result "1-0"]
[ECO "B49"]
[WhiteElo "2448"]
[BlackElo "2610"]
[Annotator "TA"]
[PlyCount "93"]
[EventDate "2024.06.20"]
[EventType "swiss"]
[EventCountry "POL"]
[SourceTitle "playchess.com"]
[Source "ChessBase"]
[SourceQuality "1"]
[TimeControl "40/5400+30:1800+30"]

1. e4 c5 2. Nf3 e6 3. d4 cxd4 4. Nxd4 Nc6 5. Nc3 Qc7 6. Be3 a6 7. Be2 b5 8. Nxc6 Qxc6 9. a3 Bb7 10. Qd4 Qd6 11. f4 Qxd4 {[%emt 0:02:32] White is slightly better.} 12. Bxd4 Rc8 13. Bf3 f6 14. O-O-O Bc5 15. Bxc5 Rxc5 16. Rd6 Ne7 17. Rhd1 Rc7 18. e5 Nc8 {[%emt 0:20:28] [#] White must now prevent ...Bxf3.} 19. R6d4 {[%emt 0:05:49] And now Bxb7 would win.} Bxf3 20. gxf3 f5 (20... Rf8 $11 {deserves consideration.}) 21. a4 $14 Rb7 22. Na2 bxa4 23. Rxa4 Ra7 24. Ra5 Ke7 25. Nb4 Nb6 26. b3 {[%emt 0:00:42] Inhibits Nc4.} (26. Rxa6 Rxa6 27. Nxa6 Ra8 $17) (26. Nxa6 Rha8 27. b3 Nc8 $19 (27... Rxa6 $2 28. Rxa6 Rxa6 29. Rd6 $19)) 26... Rb8 27. c3 ({Inferior is} 27. Nxa6 Rba8 28. b4 (28. Rg1 $2 g6 $19) 28... Rxa6 $19) 27... Na8 28. Kb2 {[%emt 0:09:30][%cal Od1g1] White is much more active. The black rooks are passive.} ({Much worse is} 28. Rxa6 $6 Rxa6 29. Nxa6 Rxb3 $11) 28... Nc7 29. Rda1 (29. Nd3 $16) 29... Rxb4 30. cxb4 {[%emt 0:00:06][%cal Ob4b5][%mdl 4096] [#] Endgame. b5! would now be deadly. KRR-KRN} Rb7 31. Rc5 Kd8 (31... Nd5 $16) 32. Rc4 Ke7 33. h4 g6 34. Rac1 Nd5 35. Ka3 Rb6 $2 (35... Rb8 36. Rc8 Rxc8 37. Rxc8 h6) 36. Rc8 $18 Nxb4 37. Rh8 Nc6 38. Rxh7+ Kd8 39. Rh8+ Kc7 40. Rg8 a5 41. Rxg6 Rb8 42. h5 Rh8 43. h6 Kd8 44. Rh1 {[%emt 0:00:00] White mates.} Ne7 45. Rg7 Ke8 46. h7 Kf8 47. Rhg1 {[%emt 0:00:00] Weighted Error Value: White=0.14 (very precise) /Black=0.51.  Mistake:       	White=1     	Black=4      Inaccurate:     	White=2     	Black=5      OK:         	White=11    	Black=11     Best:        	White=1     	---} 1-0

[Event "XII Cracow ICC-A 2024"]
[Site "Krakow"]
[Date "2024.06.27"]
[Round "7.4"]
[White "Mirzoev, Azer"]
[Black "Kosakowski, Jakub"]
[Result "0-1"]
[ECO "D02"]
[WhiteElo "2448"]
[BlackElo "2480"]
[Annotator "TA"]
[PlyCount "108"]
[EventDate "2024.06.20"]
[EventType "swiss"]
[EventCountry "POL"]
[SourceTitle "playchess.com"]
[Source "ChessBase"]
[SourceQuality "1"]
[TimeControl "40/5400+30:1800+30"]

1. d4 d5 2. Nf3 e6 3. g3 b6 4. Bg2 Bb7 5. O-O Nd7 6. c4 {[%emt 0:00:35] D02: 1 d4 d5 2 Nf3 sidelines, including 2...Nf6 3 g3 and 2...Nf6 3 Bf4.} dxc4 7. Qa4 a6 8. Qxc4 Ngf6 9. Rd1 h6 $146 ({Predecessor:} 9... b5 10. Qd3 c5 11. dxc5 Bxc5 12. Be3 Qb6 13. Bd4 O-O 14. Nc3 e5 15. Bxc5 Nxc5 {0-1 Kourkoulos Arditis,S (2538)-Mastrovasilis,A (2531) GRE-ch 70th Lamia 2021 (4)}) 10. Nc3 b5 11. Qd3 c5 12. dxc5 Bxc5 13. Be3 Qb6 14. Bxc5 Nxc5 15. Qd4 O-O (15... b4 $5 16. Nb1 $8 Rc8 $11) 16. b4 Ncd7 17. Qxb6 Nxb6 18. Ne5 Bxg2 19. Kxg2 Rfc8 20. Rac1 Nc4 21. Nd3 Na3 22. e3 Rc4 23. Ne2 Nd5 24. Nef4 Nc3 (24... Nxb4 $2 25. Rxc4 Nxd3 26. Rd4 Nxf4+ 27. gxf4 $18 (27. exf4 a5 $18)) 25. Re1 ({White should try} 25. Nb2 $15 Nxd1 26. Nxc4 Nxc4 (26... bxc4 27. Rxd1 Rb8 28. Rd6 $15) 27. Rxd1) 25... Rac8 26. Ne5 R4c7 27. Nfd3 (27. h4 $142) 27... f6 $17 28. Nf3 e5 $1 (28... Nxa2 $6 29. Rxc7 Rxc7 30. Ra1 $11) 29. e4 Rc6 (29... Nxa2 30. Rxc7 Rxc7 31. Ra1 $17) 30. h4 Rc4 31. Nd2 Rd4 $1 32. Re3 Nc4 $1 33. Nxc4 Rdxc4 ({Much weaker is} 33... Rcxc4 34. Nxe5 Nxa2 35. Ra1 $15) (33... Nxa2 $17 34. Rc2 bxc4 (34... Rcxc4 $2 35. Rxa2 Rc3 36. Rd2 $18)) 34. Nb2 $1 $11 R4c7 35. Ra1 $1 Rd8 36. Rc1 Rdc8 (36... Nd5 $5 37. Rxc7 Nxe3+ 38. Kf3 (38. fxe3 $2 {is the wrong capture.} Rd2+ 39. Kf3 Rxb2 $19) 38... Rd2 39. Kxe3 Rxb2 $17) 37. Ra1 $1 h5 38. a4 {[%emt 0:00:22] [#]} (38. Kf1 $11) 38... Rd8 $1 $17 39. axb5 axb5 40. Ra3 {[%emt 0:00:33] [#]} Rd2 $1 41. Rb3 Kh7 42. Nd3 (42. Rexc3 $17 Rxc3 43. Rxc3 Rxb2 44. Rc5 Rxb4 45. f4) 42... Nd1 $19 43. Rf3 Rc4 44. Nc5 $2 (44. Kf1 {is a better defense.}) 44... Rcc2 $19 45. Nd3 Re2 (45... f5 $142 46. Rxf5 Ne3+ 47. Kh3 Nxf5 48. exf5 e4) 46. Rb1 $2 (46. Kf1) 46... Ne3+ $19 47. Kg1 Ng4 48. Kg2 Rxe4 49. Re1 (49. Rb2 $142 Rxb2 50. Nxb2) 49... Rxe1 50. Nxe1 Re2 51. Kf1 Rb2 52. Kg2 e4 53. Rf4 e3 54. Nd3 Rd2 0-1

[Event "XII Cracow ICC-A 2024"]
[Site "Krakow"]
[Date "2024.06.27"]
[Round "7.5"]
[White "Brzezina, Piotr"]
[Black "Fier, Alexandr"]
[Result "1/2-1/2"]
[ECO "B30"]
[WhiteElo "2298"]
[BlackElo "2602"]
[Annotator "TA"]
[PlyCount "105"]
[EventDate "2024.06.20"]
[EventType "swiss"]
[EventCountry "POL"]
[SourceTitle "playchess.com"]
[Source "ChessBase"]
[SourceQuality "1"]
[TimeControl "40/5400+30:1800+30"]

1. e4 c5 2. Nf3 Nc6 3. Bb5 Nf6 4. Nc3 Nd4 5. Bd3 Nxf3+ 6. Qxf3 {[%emt 0:00:06] B30: Sicilian: 2...Nc6 3 Bb5, lines without ...g6.} d6 7. O-O $146 ({Predecessor:} 7. h3 g6 8. b3 Bg7 9. Bb2 O-O 10. O-O-O e6 11. g4 d5 12. exd5 Nxd5 13. Nxd5 Bxb2+ 14. Kxb2 exd5 {0-1 Wegerle,J (2418)-Draeger,T (2210) GER-ch internet U25 final blitz 2007 (4)}) 7... g6 8. Bc4 Bg7 9. d3 O-O 10. a4 Nd7 11. Qg3 Ne5 12. Ba2 Nc6 13. f4 Nd4 {[%emt 0:00:04] Prevents f5} 14. Qf2 e6 15. Nd1 Kh8 16. c3 Nc6 17. Ne3 f5 18. Bd2 Bd7 19. Nc4 Qe7 20. Rae1 fxe4 21. dxe4 e5 22. Qe2 Be6 23. Bb1 (23. Bb3 $11 {keeps the balance.}) 23... Bh6 $17 24. g3 Rae8 (24... exf4 $17 {[%cal Of4f3] aiming for ...f3!} 25. gxf4 Bxc4 26. Qxc4 Bxf4 (26... Qh4 27. e5 $17) 27. Rxf4 (27. Bxf4 Rxf4 28. Rxf4 Qg5+ 29. Kh1 Qxf4 $11) 27... Qg5+ 28. Kh1 Rxf4 29. Bxf4 Qxf4) 25. Bd3 $1 $11 exf4 26. Bxf4 Bxf4 27. Rxf4 Rxf4 28. gxf4 g5 29. fxg5 (29. f5 $11 Bf7 30. Qe3) 29... Qxg5+ $15 30. Qg2 Qh6 31. Kh1 $1 (31. Nxd6 $2 Rg8 $19) 31... Rg8 32. Qf2 {[%emt 0:01:54] [#]} (32. Qf3 $142) 32... d5 $1 $17 (32... Rf8 33. Qe3 Qh5 (33... Qxe3 34. Rxe3 d5 35. exd5 $11) 34. Rg1 $11) 33. Nd6 Ne5 34. Be2 Bh3 {[%emt 0:20:19] Hoping for ...Bg2+.} 35. Nf5 {[%emt 0:00:08] [#]} Qf6 (35... Qg5 $1 $17 36. Ng3 h5 (36... dxe4 37. Qxc5 Nd3 38. Qd4+ Qg7 39. Qxg7+ Kxg7 40. Bxd3 $11)) 36. Rg1 $1 $11 {[%emt 0:00:33] Wards off Bg2+} Rxg1+ (36... dxe4 $2 {loses.} 37. Rxg8+ Kxg8 38. Qg3+ $18) 37. Kxg1 Bxf5 38. exf5 $15 {[%emt 0:00:13][%mdl 4096] Endgame. KQB-KQN} Qg5+ 39. Kf1 b6 40. h4 Qf6 41. Qf4 Kg7 42. Bf3 Nxf3 43. Qxf3 Qxh4 44. Qxd5 $11 {[%emt 0:00:14] KQ-KQ} Qf4+ 45. Kg2 Kf6 46. Qe6+ Kg5 {[%emt 0:00:13] White must now prevent ...Qg4+.} 47. Qe7+ Kxf5 48. Qxh7+ Ke5 {[%emt 0:00:04] Strongly threatening ...Qe4+.} 49. Qxa7 Qd2+ 50. Kf3 {[%emt 0:00:06] Qe7+ is the strong threat.} Qd3+ 51. Kf2 Qd2+ 52. Kf3 {[%emt 0:00:06] Threatens to win with Qe7+.} Qd3+ 53. Kf2 1/2-1/2

[Event "XII Cracow ICC-A 2024"]
[Site "Krakow"]
[Date "2024.06.27"]
[Round "7.6"]
[White "Kelires, Andreas"]
[Black "Mahitosh Dey"]
[Result "1/2-1/2"]
[ECO "C78"]
[WhiteElo "2515"]
[BlackElo "2232"]
[Annotator "TA"]
[PlyCount "73"]
[EventDate "2024.06.20"]
[EventType "swiss"]
[EventCountry "POL"]
[SourceTitle "playchess.com"]
[Source "ChessBase"]
[SourceQuality "1"]
[TimeControl "40/5400+30:1800+30"]

1. e4 e5 2. Nf3 Nc6 3. Bb5 a6 4. Ba4 Nf6 5. O-O b5 6. Bb3 Bb7 7. Nc3 Be7 8. d3 d6 9. a3 Qd7 10. Re1 O-O 11. Bd2 {[%emt 0:03:50] White has an edge.} Rae8 12. a4 Nd8 13. axb5 axb5 14. Ne2 {[%emt 0:26:20] White is more active.} (14. d4 $14) 14... Ne6 $11 15. Ng3 Ra8 16. Qe2 Rxa1 17. Rd1 $2 {[%mdl 8192] [#]} (17. Rxa1 $11 c5 18. h3) 17... Rb1 $2 ({Better is} 17... Rfa8 $19 18. Be3 c5) 18. Rxb1 Rb8 19. Ra1 Ra8 20. Rxa8+ Bxa8 21. Nf5 Bf8 22. Ng5 d5 23. Nf3 (23. Nxe6 $11 Qxe6 24. Ne3) 23... Nf4 (23... Nc5 $1 $15 24. Ng3 (24. Nxe5 Qe6 $17) 24... Nxb3 (24... dxe4 25. Nxe5 Qd6 26. Bxf7+ Kh8 27. Bc3 $16) 25. cxb3 Qe6) 24. Bxf4 exf4 25. e5 (25. N5d4 $11) 25... Qxf5 $15 26. exf6 Qxf6 27. d4 Bc6 28. Ne5 Qe6 {[%emt 0:00:07] [#] And now ...f6 would win.} 29. Qd2 $1 Be8 {[%emt 0:01:55] Black wants to play ...c5.} 30. Qxf4 Bd6 31. h3 f6 (31... c5 $15 32. c3 b4) 32. Qg4 $11 {[%emt 0:00:40] The position is equal.} Bf7 33. Qxe6 Bxe6 34. Nc6 Kf7 35. Na7 b4 36. Nb5 Ke7 37. Nxd6 {[%emt 0:00:41] Weighted Error Value: White=0.31/Black=0.37.  Loses game:     	White=1     	---        Missed win:     	---       	Black=1      Mistake:       	White=3     	Black=2      Inaccurate:     	White=1     	Black=1      OK:         	White=16    	Black=10     Best:        	White=3     	Black=1      Strong:       	White=1     	---} 1/2-1/2

[Event "XII Cracow ICC-A 2024"]
[Site "Krakow"]
[Date "2024.06.27"]
[Round "7.7"]
[White "Keleberda, Tymur"]
[Black "Bogdanov, Egor"]
[Result "1/2-1/2"]
[ECO "B50"]
[WhiteElo "2223"]
[BlackElo "2433"]
[Annotator "RC"]
[PlyCount "114"]
[EventDate "2024.06.20"]
[EventType "swiss"]
[EventCountry "POL"]
[SourceTitle "playchess.com"]
[Source "ChessBase"]
[SourceQuality "1"]
[TimeControl "40/5400+30:1800+30"]

1. e4 c5 2. Nf3 d6 3. c3 Nf6 4. h3 Nc6 5. Bd3 e5 6. Bc2 d5 7. d3 dxe4 8. dxe4 Qxd1+ 9. Kxd1 h6 10. Be3 Be6 11. Nbd2 O-O-O 12. Ke2 Nh5 13. g3 g5 14. Bb3 Ng7 15. h4 g4 16. Nh2 h5 17. Bg5 Be7 18. Bxe7 Nxe7 19. Nc4 Nc6 20. Rhd1 Kc7 21. Ne3 Ne7 22. Nhf1 Bxb3 23. axb3 a6 24. Nd2 f6 25. Ndc4 Rxd1 26. Rxd1 b5 27. Nd2 Ne8 28. Nc2 Nd6 29. Ne1 a5 30. Nd3 Kc6 31. Ra1 c4 32. Ne1 Ra8 33. bxc4 bxc4 34. Nc2 Kc5 35. Ne3 a4 36. f3 gxf3+ 37. Kxf3 Kb5 38. g4 hxg4+ 39. Nxg4 Rh8 40. Rh1 a3 41. bxa3 Ka4 42. Ke3 Kxa3 43. Nxf6 Kb2 44. h5 Kxc3 45. Rh2 Kb4 46. Nf3 c3 47. Nxe5 Kb3 48. Kd3 Nc4 49. Nxc4 Rd8+ 50. Nd5 Nxd5 51. Na5+ Ka4 52. exd5 Kxa5 53. Kxc3 Kb6 54. Kd4 Kc7 55. h6 Kd6 56. h7 Rh8 57. Rh3 Rxh7 1/2-1/2

[Event "XII Cracow ICC-A 2024"]
[Site "Krakow"]
[Date "2024.06.27"]
[Round "7.8"]
[White "Sieciechowicz, Marcin"]
[Black "Gorkiewicz, Mateusz"]
[Result "1/2-1/2"]
[ECO "D20"]
[WhiteElo "2405"]
[BlackElo "2223"]
[Annotator "RC"]
[PlyCount "59"]
[EventDate "2024.06.20"]
[EventType "swiss"]
[EventCountry "POL"]
[SourceTitle "playchess.com"]
[Source "ChessBase"]
[SourceQuality "1"]
[TimeControl "40/5400+30:1800+30"]

1. d4 d5 2. c4 dxc4 3. e4 e5 4. Nf3 exd4 5. Bxc4 Nc6 6. O-O Be6 7. Nbd2 Nf6 8. Bb5 Bc5 9. e5 Nd5 10. Nb3 Bb6 11. Nbxd4 Qd7 12. Qa4 Bxd4 13. Nxd4 Nb6 14. Qd1 Bc4 15. Bxc4 Nxc4 16. Nxc6 Qxc6 17. b3 Nb6 18. Ba3 Qd7 19. Qc2 O-O-O 20. Rad1 Qe6 21. Rxd8+ Rxd8 22. Bd6 Qd7 23. Rc1 Na8 24. h3 Kb8 25. Bb4 g6 26. Ba5 Nb6 27. Bxb6 axb6 28. a4 c6 29. Qc4 Qf5 30. Re1 1/2-1/2

[Event "XII Cracow ICC-A 2024"]
[Site "Krakow"]
[Date "2024.06.27"]
[Round "7.9"]
[White "Nurgaliyev, Sauat"]
[Black "Hollan, Martin"]
[Result "1-0"]
[ECO "B30"]
[WhiteElo "2321"]
[BlackElo "2373"]
[Annotator "RC"]
[PlyCount "73"]
[EventDate "2024.06.20"]
[EventType "swiss"]
[EventCountry "POL"]
[SourceTitle "playchess.com"]
[Source "ChessBase"]
[SourceQuality "1"]
[TimeControl "40/5400+30:1800+30"]

1. e4 c5 2. Nf3 Nc6 3. Bb5 Nf6 4. Nc3 Qc7 5. O-O e6 6. Re1 Nd4 7. e5 a6 8. Bf1 Ng8 9. d3 Ne7 10. Ne4 Nef5 11. c3 Nxf3+ 12. Qxf3 Nh4 13. Qg3 Nf5 14. Qf3 Be7 15. Bf4 h5 16. Rad1 Nh4 17. Qe3 b6 18. d4 Nf5 19. Qh3 Bb7 20. d5 Qc8 21. Bg5 Bxg5 22. Nxg5 g6 23. c4 Nd4 24. Ne4 O-O 25. Rd3 Kg7 26. Nd6 Qc7 27. Rg3 Kh6 28. Bd3 f5 29. exf6 Rxf6 30. Qh4 Kg7 31. Bxg6 Qxd6 32. Bxh5+ Qxg3 33. Qxg3+ Kh6 34. Re4 Nf5 35. Qh3 Kg7 36. Rg4+ Kf8 37. Bg6 1-0

[Event "XII Cracow ICC-A 2024"]
[Site "Krakow"]
[Date "2024.06.27"]
[Round "7.10"]
[White "Gierulski, Kamil"]
[Black "Citak, Selim"]
[Result "1/2-1/2"]
[ECO "B51"]
[WhiteElo "2242"]
[BlackElo "2345"]
[Annotator "RC"]
[PlyCount "47"]
[EventDate "2024.06.20"]
[EventType "swiss"]
[EventCountry "POL"]
[SourceTitle "playchess.com"]
[Source "ChessBase"]
[SourceQuality "1"]
[TimeControl "40/5400+30:1800+30"]

1. e4 c5 2. Nf3 d6 3. Bb5+ Nd7 4. a4 Ngf6 5. Nc3 a6 6. Be2 b6 7. d4 cxd4 8. Qxd4 Bb7 9. O-O e6 10. Rd1 Qc7 11. Be3 Ng4 12. Bg5 h6 13. Bh4 Nge5 14. h3 Be7 15. Bxe7 Kxe7 16. Rd2 Rhd8 17. Qe3 Qc5 18. Nd4 Rac8 19. Rad1 Nf6 20. Qg3 g5 21. Nb3 Qc6 22. Nd4 Qc5 23. Nb3 Qc6 24. Nd4 1/2-1/2

[Event "XII Cracow ICC-A 2024"]
[Site "Krakow"]
[Date "2024.06.27"]
[Round "7.11"]
[White "Karolczuk, Iwo"]
[Black "Licznerski, Lukasz"]
[Result "1/2-1/2"]
[ECO "A46"]
[WhiteElo "2293"]
[BlackElo "2434"]
[Annotator "TA"]
[PlyCount "238"]
[EventDate "2024.06.20"]
[EventType "swiss"]
[EventCountry "POL"]
[SourceTitle "playchess.com"]
[Source "ChessBase"]
[SourceQuality "1"]
[TimeControl "40/5400+30:1800+30"]

1. d4 Nf6 2. Bf4 e6 3. Nf3 c5 4. e3 cxd4 5. exd4 b6 6. Nbd2 Bb7 7. Bd3 Be7 8. h3 a6 9. a4 d6 10. O-O O-O 11. Re1 Nbd7 12. c3 Re8 13. Qc2 h6 14. Rad1 Qc7 15. Ne4 Bc6 16. Nfd2 Qb7 17. Nxf6+ Nxf6 18. Ne4 b5 19. axb5 (19. Bxd6 Nxe4 20. Bxe7 Nxf2 21. Qxf2 Rxe7 $16) (19. Nxd6 {keeps more tension.} Bxd6 20. Bxd6 Bxg2 21. Kh2) 19... axb5 (19... Bxe4 20. Bxe4 Nxe4 21. bxa6 Rxa6 22. Rxe4 $18 (22. Qxe4 Qxb2 23. c4 Qa2 $11)) 20. Nxd6 (20. Bxd6 {simplifies} Bxe4 21. Bxe4 Nxe4 22. Bxe7 Nxf2 23. Qxf2 Rxe7 24. Re5) 20... Bxd6 21. Bxd6 Bxg2 22. Kh2 Bf3 23. Rb1 Kh8 24. Be5 {[%emt 0:02:20] [#] aiming for Rg1. This pair of bishops is nice.} Nd7 25. Bf4 Qd5 26. Re3 Qh5 (26... b4 $11 {remains equal.}) 27. Be2 (27. Bxb5 $1 $16 Nf6 28. Rg1 (28. Bxe8 Ng4+ 29. Kg3 Nxe3 $11)) 27... Bxe2 $11 28. Rxe2 (28. Qxe2 $2 Qf5 29. Re4 Nf6 $19) 28... Ra6 29. Rg1 Rea8 30. Qd3 Ra1 31. Bc1 Qh4 {[%emt 0:05:44][%cal Oa1c1] [#] ...Rxc1! would now be deadly.} 32. Qf3 Qf6 33. Qxf6 (33. Re3 $11) 33... Nxf6 $15 34. b3 Rc8 35. Bb2 Ra7 36. c4 bxc4 37. bxc4 Rxc4 {[%emt 0:04:01] White must now prevent ...Nd5.} 38. d5 $1 Rf4 ({Of course not} 38... exd5 39. Bxf6 gxf6 40. Re8+ Kh7 41. Reg8 $11) ({But not} 38... Nxd5 39. Rxg7 Rb4 40. Be5 $11 (40. Rxf7+ $2 {perishes.} Rxb2 41. Rxb2 Rxf7 $19)) ({Black should play} 38... Ra2 $1 $15 39. dxe6 fxe6) 39. dxe6 fxe6 40. Bxf6 Rxf6 $11 {[%emt 0:01:16][%mdl 4096] Endgame. KRR-KRR} 41. Rg4 Kg8 42. Rge4 Kf7 43. Rg4 Rf5 44. Rge4 Rf6 45. Rg4 $1 Ra3 46. Rg3 Ra5 47. Rb2 Ra7 {[%emt 0:01:17] Against Rb7+} 48. Re2 Rb7 49. Rg4 Rf5 50. Rge4 Rb6 51. Rg4 Kf6 52. Rg3 Rf4 53. Rge3 Ra6 54. Kg2 Rd6 55. Kh2 Kf7 56. Ra3 Rd7 57. Rae3 Rf6 58. Rg3 Rd5 59. Kg2 Rdf5 60. Rb2 Rg6 61. Rxg6 Kxg6 $15 {[%emt 0:00:00] KR-KR} 62. Rb6 Kf6 63. Ra6 Rf4 64. Kg3 g5 65. Ra8 h5 66. Rh8 h4+ 67. Kg2 e5 (67... Rf5 $17) 68. Rf8+ Ke6 69. Re8+ Kf5 70. Rf8+ Ke4 71. Rg8 Rf5 72. Rg7 Kf4 73. Rg8 Rf6 74. Rg7 Kf5 75. Rg8 Rg6 76. Rf8+ Ke4 77. Rh8 Rg7 78. Rh6 Rg8 79. Rh7 Kf5 80. Rf7+ Ke6 81. Rh7 Ra8 82. Rh6+ Kf5 83. Rh7 Kg6 84. Re7 Kf6 85. Rh7 Ra5 86. Rh6+ Kg7 87. Rb6 $1 Ra4 88. Re6 Re4 89. Kf3 Kf7 90. Rh6 Rf4+ 91. Kg2 Kg7 92. Re6 Re4 93. Kf3 Kf7 {[%emt 0:00:00] ( -> ...Rf4+)} 94. Rh6 Rf4+ 95. Kg2 Kg7 96. Re6 {[%emt 0:00:00] The position is equal.} e4 97. Re5 Kf6 98. Re8 g4 99. hxg4 Rxg4+ 100. Kh3 Rf4 101. Kg2 Kf5 102. Kh3 Kg5 103. Rg8+ Kf5 104. Re8 Kf6 105. Kg2 Kg6 106. Kh3 Kg7 107. Re7+ Kf6 108. Re8 Kg5 109. Rg8+ Kf5 110. Re8 $1 e3 111. fxe3 Re4 112. Rf8+ Ke5 113. Re8+ Kd5 114. Rd8+ Kc4 115. Rd7 Rxe3+ 116. Kxh4 Rd3 117. Rc7+ Kd5 118. Rd7+ Kc4 119. Rxd3 Kxd3 {[%emt 0:00:00] Weighted Error Value: White=0.11 (very precise) /Black=0.12 (very precise) .  Mistake:       	White=2     	Black=3      Inaccurate:     	White=12    	Black=11     OK:         	White=40    	Black=33     Best:        	White=3     	Black=5      Strong:       	White=4     	---} 1/2-1/2

[Event "XII Cracow ICC-A 2024"]
[Site "Krakow"]
[Date "2024.06.27"]
[Round "7.12"]
[White "Petrovic, Aleksa"]
[Black "Aarav Dengla"]
[Result "0-1"]
[ECO "D11"]
[WhiteElo "2303"]
[BlackElo "2395"]
[Annotator "RC"]
[PlyCount "106"]
[EventDate "2024.06.20"]
[EventType "swiss"]
[EventCountry "POL"]
[SourceTitle "playchess.com"]
[Source "ChessBase"]
[SourceQuality "1"]
[TimeControl "40/5400+30:1800+30"]

1. d4 d5 2. c4 c6 3. Nf3 Nf6 4. e3 Bg4 5. cxd5 cxd5 6. Qa4+ Bd7 7. Qb3 Nc6 8. Ne5 e6 9. Nxd7 Qxd7 10. Nc3 Bd6 11. Bd3 e5 12. dxe5 Bxe5 13. O-O O-O 14. Rd1 Rfd8 15. Bd2 Qe7 16. h3 d4 17. Ne2 dxe3 18. Bxe3 Qb4 19. Nc3 Qxb3 20. axb3 a6 21. Bb6 Rd7 22. g4 g6 23. Bc4 Bd4 24. Bxd4 Nxd4 25. g5 Nf3+ 26. Kg2 Nxg5 27. Rxd7 Nxd7 28. Re1 Nb6 29. Re7 Nxc4 30. bxc4 Rc8 31. b3 b5 32. h4 Ne6 33. Ne4 bxc4 34. bxc4 Rxc4 35. Nd6 Rc7 36. Re8+ Nf8 37. Ra8 Rc6 38. Ne4 Kg7 39. Ng5 h6 40. Nf3 Nd7 41. Rd8 Rc7 42. Ra8 Rc6 43. Rd8 Nb6 44. Ne5 Rc5 45. f4 Nc4 46. Nd3 Rd5 47. Rxd5 Ne3+ 48. Kf3 Nxd5 49. Ke4 Ne7 50. Nc5 a5 51. h5 gxh5 52. f5 h4 53. Ke5 Nxf5 0-1

[Event "XII Cracow ICC-A 2024"]
[Site "Krakow"]
[Date "2024.06.27"]
[Round "7.13"]
[White "Rudolf, Michal"]
[Black "Cieslak, Patryk"]
[Result "1/2-1/2"]
[ECO "D35"]
[WhiteElo "2287"]
[BlackElo "2358"]
[Annotator "RC"]
[PlyCount "112"]
[EventDate "2024.06.20"]
[EventType "swiss"]
[EventCountry "POL"]
[SourceTitle "playchess.com"]
[Source "ChessBase"]
[SourceQuality "1"]
[TimeControl "40/5400+30:1800+30"]

1. d4 d5 2. c4 e6 3. Nc3 Nf6 4. cxd5 exd5 5. Bg5 Bb4 6. Qb3 c5 7. dxc5 Nc6 8. e3 d4 9. O-O-O Bxc3 10. bxc3 d3 11. Bxd3 Qa5 12. Bxf6 gxf6 13. Ne2 O-O 14. Nd4 Qxc5 15. Nxc6 bxc6 16. Qb4 Qe5 17. Kc2 Be6 18. Qh4 Rfb8 19. Qg3+ Qxg3 20. hxg3 Bxa2 21. Ra1 Bb3+ 22. Kc1 a5 23. Bxh7+ Kg7 24. Be4 a4 25. Bc2 a3 26. Rb1 a2 27. Ra1 Bd5 28. e4 Be6 29. Rh5 Ra3 30. Rc5 Ra6 31. Bd3 Rab6 32. c4 Ra6 33. Kc2 Ra3 34. Be2 Rbb3 35. Rxc6 Rb7 36. Rc5 Bd7 37. Kc1 Ba4 38. Ra5 Rc3+ 39. Kd2 Rc2+ 40. Kd3 Bb3 41. Bd1 Rxf2 42. Bxb3 Rxb3+ 43. Kd4 Rbb2 44. Kd5 Rxg2 45. c5 Rbc2 46. Kd6 Rgd2+ 47. Kc7 Kf8 48. c6 Ke7 49. Rd5 Rb2 50. g4 Ke6 51. Rd8 Ke7 52. Rd5 Ke6 53. Rd8 Rxd8 54. Kxd8 Rb8+ 55. Kc7 Rb2 56. Kd8 Rb8+ 1/2-1/2